 Dungeon Crawl Stone Soup version 0.17-a0-1411-g06ff558 (webtiles) character file.

23391 Fluffy the Basher (level 13, -3/80 HPs)
             Began as a Gargoyle Fighter on June 23, 2015.
             Was a High Priest of the Shining One.
             Slain by a minotaur
             ... wielding the +7 falchion "Ladwatuc" {freeze, Stlth+}
              (8 damage)
             ... in a labyrinth.
             The game lasted 00:41:47 (12823 turns).

Fluffy the Basher (Gargoyle Fighter)               Turns: 12823, Time: 00:41:47

Health: -3/80      AC: 28    Str: 21    XL:     13   Next: 6%
Magic:  18/18      EV:  7    Int:  9    God:    the Shining One [*****.]
Gold:   853        SH: 17    Dex: 16    Spells: 0 memorised, 12 levels left

rFire  + . .     SeeInvis .     E - +7 eveningstar of the Queen {crush, *Drain +Blink +Inv Dex+3}
rCold  . . .     Clarity  .     J - +0 plate armour
rNeg   + + +     SustAt   .     b - +0 large shield
rPois  ∞         Gourm    .     p - +0 helmet
rElec  +         Spirit   .     A - +0 cloak
rCorr  .         Warding  .     (no gloves)
rMut   .         Stasis   .     F - +0 pair of boots of Lodiw {Regen+}
MR     +....                    z - amulet of regeneration
Stlth  ..........               x - ring of protection from magic
                                c - ring of protection from fire

@: glowing, somewhat resistant to hostile enchantments, extremely unstealthy
A: negative energy resistance 1, electricity resistance, unbreathing,
petrification resistance, rot immunity, AC +9
a: Divine Shield, Cleansing Flame, Summon Divine Warrior, Renounce Religion,
Evoke Blink, Evoke Invisibility


You were in a labyrinth.
You worshipped the Shining One.
The Shining One was extremely pleased with you.
You were very hungry.

You visited 3 branches of the dungeon, and saw 13 of its levels.
You also visited: Labyrinth and Bailey.

You collected 853 gold pieces.

Inventory:

Hand weapons
 E - the +7 eveningstar of the Queen (weapon) {crush, *Drain +Blink +Inv Dex+3}
   (You acquired it on level 9 of the Dungeon)

   It inflicts extra damage upon your enemies.
   It affects your dexterity (+3).
   It lets you turn invisible.
   It lets you blink.
   It causes draining when unequipped.
Armour
 b - a +0 large shield (worn)
 p - a +0 helmet (worn)
 A - a +0 cloak (worn)
 F - the +0 pair of boots of Lodiw (worn) {Regen+}
   (You found it on level 8 of the Dungeon)

   It increases your rate of regeneration.
 J - a +0 plate armour (worn)
Jewellery
 a - an uncursed ring of protection from fire
 c - a ring of protection from fire (left hand)
 l - an uncursed ring of see invisible {unknown}
 t - an uncursed amulet of resist mutation
 x - a ring of protection from magic (right hand)
 z - an amulet of regeneration (around neck)
Magical devices
 v - a wand of lightning (5)
 w - a wand of magic darts (29)
 C - a wand of lightning (10)
 D - a wand of frost (17)
 M - a wand of fire (7)
Scrolls
 h - a scroll of magic mapping
 n - 6 scrolls of teleportation
 r - 3 scrolls of amnesia
 y - 2 scrolls of fog
 B - a scroll of enchant armour
 K - 3 scrolls of remove curse
Potions
 d - 3 potions of might
 i - 11 potions of curing
 j - 2 potions of heal wounds
 k - 3 potions of cure mutation
 m - a potion of berserk rage
 q - 3 potions of magic
 u - 2 potions of ambrosia
 H - a potion of agility
 I - a potion of haste
Miscellaneous
 L - a fan of gales
Comestibles
 e - 8 bread rations
 g - 10 meat rations
 o - 3 beef jerkies
 s - 3 fruits


   Skills:
 + Level 9.4 Fighting
 + Level 11.1 Maces & Flails
 + Level 9.9 Armour
 + Level 7.2 Dodging
 + Level 9.3 Shields
 + Level 7.4 Invocations


You had 12 spell levels left.
You didn't know any spells.

Dungeon Overview and Level Annotations

Branches:
Dungeon (11/15)            Temple (1/1) D:6            Lair (1/8) D:11
    Orc (0/4) D:11

Altars:
Ashenzari
Cheibriados
Dithmenos
Elyvilon
Fedhas
Gozag
Kikubaaqudgha
Makhleb
Nemelex Xobeh
Okawaru
Qazlal
Ru
Sif Muna
Trog
Vehumet
Xom
Yredelemnul
Zin
The Shining One

Shops:
D:9 =   D:11 *


Innate Abilities, Weirdness & Mutations

You are resistant to torment.
Your stone body is resilient (AC +9).
You are immune to poison.
You resist negative energy.
You are resistant to electric shocks.
You can survive without breathing.
You are immune to petrification.
You are immune to rotting.


Message History

The minotaur freezes you. You block the minotaur's attack.
The minotaur blocks your attack.
GONNNNG!
The minotaur hits you with an ancient falchion {freeze}!
The minotaur freezes you.
The minotaur gores you but does no damage.
The minotaur blocks your attack.
SHROANNG!
You block the minotaur's attack. The minotaur gores you!
The minotaur blocks your attack.
PANG!
The minotaur hits you with an ancient falchion {freeze}!
The minotaur freezes you. The minotaur gores you!
* * * LOW HITPOINT WARNING * * *
The minotaur blocks your attack.
PANG!
The minotaur hits you with an ancient falchion {freeze}!!
* * * LOW HITPOINT WARNING * * *
The minotaur freezes you!
You die...

. ##. #
.### # #.
.. ......
.. #
########
# #.. .
#.#
#......
.# #. #
#.### # #
# #.
..#.#.#
#... # ..
#.
#.#.#.##
##.# . #
# #H#
#.......#
#@#.###
##. .###
.. #.#.
.... #. .
## #...#
# ###. #
. .
#.#.#. ..
..# # #
#.#.#.
▓▓▓▓▓ . .
.#.#.# ▓
. # . #
###### ▓▓
▓▓ . ..
... ... #
# .


You could see a minotaur.

Vanquished Creatures
  Snorg (D:10)
  A hydra (D:11)
  Erolcha (D:8)
  The ghost of Fusha the Covert, an experienced KoIE of Yredelemnul (Bailey)
  An unseen horror (D:11)
  A hill giant (D:11)
  An ugly thing (D:11)
  Joseph (D:8)
  3 wandering mushrooms (Lab)
  A troll (D:11)
  A minotaur skeleton (Lab)
  4 blink frogs (Lair:1)
  4 trapdoor spiders (Lab)
  A wraith (D:11)
  A shadow (D:11)
  A spriggan (D:7)
  3 yaks
  2 hungry ghosts
  2 water moccasins
  A porcupine (Lair:1)
  6 orc warriors
  A wasp (D:11)
  4 ogres
  6 sky beasts
  3 phantoms
  5 centaurs
  The ghost of Fluffy the Cudgeler, an average GrFi (D:4)
  7 giant frogs
  Blork the orc (D:5)
  A wyvern zombie (D:11)
  2 big kobolds (D:3)
  A gnoll sergeant (D:11)
  An earth elemental (Lab)
  A water moccasin zombie (D:10)
  16 killer bees
  A troll zombie (D:11)
  4 crimson imps
  3 centaur zombies
  2 jellies
  A giant frog zombie (D:5)
  2 centaur skeletons (D:11)
  3 giant frog skeletons
  6 hounds
  10 orc priests
  2 iguanas
  5 worker ants
  7 orc wizards
  A killer bee zombie (D:8)
  7 ogre zombies (D:11)
  2 worker ant zombies
  18 adders
  28 gnolls
  2 shadow imps (D:5)
  3 adder skeletons
  3 worms
  5 giant geckos
  53 orcs
  5 ball pythons
  A bat zombie (D:6)
  5 giant cockroaches
  41 goblins
  52 hobgoblins
  3 jackals (D:9)
  19 kobolds
  6 quokkas
  11 bats
  A giant cockroach zombie (D:6)
  2 giant gecko zombies (D:5)
  3 giant newts (D:3)
  2 goblin skeletons (D:11)
  4 goblin zombies (D:11)
  3 hobgoblin zombies (D:11)
  A jackal skeleton (D:8)
  An orc skeleton (D:11)
  15 orc zombies (D:11)
  6 rats
437 creatures vanquished.

Vanquished Creatures (others)
  A plant (D:11)
1 creature vanquished.

Grand Total: 438 creatures vanquished

Notes
Turn   | Place    | Note
--------------------------------------------------------------
     0 | D:1      | Fluffy the Gargoyle Fighter began the quest for the Orb.
     0 | D:1      | Reached XP level 1. HP: 14/14 MP: 1/1
   167 | D:1      | Reached XP level 2. HP: 19/19 MP: 2/2
   840 | D:2      | Reached XP level 3. HP: 18/23 MP: 3/3
  1145 | D:2      | Found a sacrificial altar of Ru.
  1736 | D:3      | Reached skill level 4 in Maces & Flails
  1743 | D:3      | Reached XP level 4. HP: 24/28 MP: 4/4
  1950 | D:3      | Reached skill level 5 in Maces & Flails
  1971 | D:3      | Reached XP level 5. HP: 32/32 MP: 5/5
  2001 | D:3      | Noticed a big kobold
  2004 | D:3      | Noticed a big kobold
  2061 | D:3      | Killed a big kobold
  2071 | D:3      | Reached skill level 6 in Maces & Flails
  2172 | D:3      | Reached XP level 6. HP: 26/37 MP: 6/6
  2199 | D:3      | Killed a big kobold
  2545 | D:3      | Reached skill level 7 in Maces & Flails
  2799 | D:3      | Found a white marble altar of Elyvilon.
  2846 | D:3      | Reached XP level 7. HP: 15/41 MP: 7/7
  4249 | D:4      | Noticed Fluffy's ghost (average GrFi)
  4288 | D:4      | Killed Fluffy's ghost
  4646 | D:4      | Reached skill level 8 in Maces & Flails
  5161 | D:5      | Entered Level 5 of the Dungeon
  5209 | D:5      | Noticed Blork the orc
  5224 | D:5      | Killed Blork the orc
  5224 | D:5      | Reached XP level 8. HP: 41/48 MP: 8/8
  5291 | D:5      | Found an opulent altar of Gozag.
  5602 | D:5      | Reached skill level 5 in Armour
  5958 | D:5      | Found a glowing silver altar of Zin.
  5958 | D:5      | Found a sparkling altar of Nemelex Xobeh.
  5961 | D:5      | Found a white marble altar of Elyvilon.
  5963 | D:5      | Found a snail-covered altar of Cheibriados.
  6138 | D:5      | Reached skill level 5 in Shields
  6149 | D:5      | Reached skill level 5 in Fighting
  7001 | D:6      | Found a staircase to the Ecumenical Temple.
  7020 | Temple   | Entered the Ecumenical Temple
  7031 | Temple   | Became a worshipper of the Shining One
  7304 | D:6      | Reached skill level 1 in Invocations
  7304 | D:6      | Reached XP level 9. HP: 54/54 MP: 9/9
  7981 | D:7      | Reached skill level 9 in Maces & Flails
  8024 | D:7      | Acquired the Shining One's first power
  8458 | D:8      | Noticed Joseph
  8530 | D:8      | Killed Joseph
  8611 | D:8      | Got a pair of pitted boots
  8622 | D:8      | Identified the cursed +0 pair of boots of Lodiw {Regen+} (You found it on level 8 of the Dungeon)
  8694 | D:8      | Reached XP level 10. HP: 61/61 MP: 11/13
  9054 | D:8      | Noticed Erolcha
  9072 | D:8      | Killed Erolcha
  9242 | D:9      | Found a shadowy altar of Dithmenos.
  9278 | D:9      | Found Cumesist's Jewellery Boutique.
  9307 | D:9      | Identified a scroll of acquirement
  9308 | D:9      | Got a faintly glowing eveningstar
  9861 | D:9      | Found a bloodstained altar of Trog.
  9887 | D:9      | Identified the +7 eveningstar of the Queen {crush, *Drain +Blink +Inv Dex+3} (You acquired it on level 9 of the Dungeon)
 10006 | D:10     | Entered Level 10 of the Dungeon
 10014 | D:10     | Found a flagged portal.
 10017 | D:10     | Acquired the Shining One's second power
 10048 | Bailey   | Entered a bailey
 10232 | Bailey   | Noticed Fusha's ghost (experienced KoIE)
 10237 | Bailey   | Reached skill level 5 in Invocations
 10258 | Bailey   | Killed Fusha's ghost
 10258 | Bailey   | Reached skill level 10 in Maces & Flails
 10408 | D:10     | Found a burning altar of Makhleb.
 10726 | D:10     | Noticed Snorg
 10735 | D:10     | Killed Snorg
 10735 | D:10     | Reached XP level 11. HP: 68/68 MP: 15/15
 11143 | D:11     | Noticed a seven-headed hydra
 11151 | D:11     | Killed a seven-headed hydra
 11177 | D:11     | Noticed a hill giant
 11182 | D:11     | Killed a hill giant
 11288 | D:11     | Acquired the Shining One's third power
 11315 | D:11     | Found a staircase to the Orcish Mines.
 11321 | D:11     | Noticed an unseen horror
 11333 | D:11     | Killed an unseen horror
 11371 | D:11     | Acquired the Shining One's fourth power
 11900 | D:11     | Found Hemij's General Store.
 11927 | D:11     | Found a staircase to the Lair.
 11930 | D:11     | Reached XP level 12. HP: 76/76 MP: 17/17
 12176 | Lair:1   | Entered Level 1 of the Lair of Beasts
 12179 | Lair:1   | Found a labyrinth entrance.
 12221 | Lab      | Entered a labyrinth
 12271 | Lab      | Reached skill level 11 in Maces & Flails
 12345 | Lab      | Reached XP level 13. HP: 80/80 MP: 18/18
 12808 | Lab      | Noticed a minotaur
 12823 | Lab      | Identified the +7 falchion "Ladwatuc" {freeze, Stlth+}
 12823 | Lab      | Slain by a minotaur

Vault maps used:
D:1:      dpeg_arrival_rhombus
D:2:      lemuel_round_altar
D:3:      minmay_goblin_kobold_castle, fountainhead, lemuel_tele_altar
D:5:      minmay_opposing_rooms, minitemple, first_bread, uniq_blork_the_orc
D:6:      minmay_temple_entry_junction
D:7:      the_bakery
D:8:      uniq_erolcha, uniq_joseph
D:9:      nicolae_overflow_crystal_walls, serial_shops, shop, bloody_trog
D:10:     basic_altar, enter_bailey_2, minivault_5, uniq_snorg
D:11:     david_lair_shrubbed, zombieorc2_lemuel, serial_shops,
          nicolae_shop_stone
Temple:   circular_temple_12
Lair:1:   lab_entry_generic, uniq_erica
Lab:      labyrinth_mini_lab, nicolae_lab_quarters, nicolae_lab_hexagon,
          lab_hedge, nicolae_lab_diamond, labyrinth_glass_1,
          nicolae_lab_very_dead_end, lab_block, nicolae_lab_stuck, lab_statue,
          nicolae_lab_grate_2
Bailey:   bailey_axe_2, bailey

Action                   |  1- 3 |  4- 6 |  7- 9 | 10-12 | 13-15 || total
-------------------------+-------+-------+-------+-------+-------++-------
Melee: Flail             |   104 |   108 |       |   137 |       ||   349
       Whip              |       |   225 |   815 |    19 |       ||  1059
       Eveningstar       |       |       |       |   375 |    30 ||   405
Evoke: Wand              |       |       |       |     3 |       ||     3
  Use: Scroll            |     3 |     1 |    11 |    13 |       ||    28
       Potion            |       |     2 |     1 |     1 |       ||     4
  Eat: Chunk             |     2 |     5 |    19 |    13 |       ||    39
       Pizza             |       |       |     1 |       |       ||     1
       Fruit             |       |       |       |       |     1 ||     1
